[Event "24th Hoogeschool Zeeland 2022"]
[Site "Vlissingen"]
[Date "2022.08.07"]
[Round "3.11"]
[White "Dhulipalla Bala Chandra Prasad"]
[Black "Zevenhuizen, Daniel"]
[Result "1-0"]
[ECO "E68"]
[WhiteElo "2423"]
[BlackElo "2168"]
[Annotator "TA"]
[PlyCount "53"]
[EventDate "2022.08.05"]
[EventType "swiss"]
[EventCountry "NED"]
[SourceTitle "playchess.com"]
[Source "ChessBase"]
[SourceQuality "1"]
[TimeControl "40/5400+30:1800+30"]

1. d4 g6 2. c4 Nf6 3. g3 Bg7 4. Bg2 O-O 5. Nc3 d6 6. Nf3 Nbd7 7. O-O e5 8. e4 exd4 9. Nxd4 Re8 10. h3 a6 11. Re1 Rb8 12. Rb1 Qe7 {[%emt 0:32:39] E68: King's Indian: Fianchetto: 6...Nbd7 7 0-0 e5 8 e4.} 13. b3 c5 14. Nc2 {[%emt 0:08:26] 0x0.0013bb155f5ddp-1022s more active pieces.} b5 {[%emt 0:00:51] White is slightly better.} 15. Ne3 {[%emt 0:02:48] [#]} Bb7 $146 (15... b4 $5 16. Ncd5 Qd8 $11) ({Predecessor:} 15... Qf8 16. Bb2 Re6 17. Qc2 Bb7 18. cxb5 axb5 19. Nxb5 Bxe4 {½-½ (19) Ignacz,M (2286)-Galyas,M (2424) Budapest 2005}) 16. Bb2 Nb6 (16... b4 $11 {keeps the balance.} 17. Ncd5 Qf8) 17. cxb5 $16 axb5 18. Nxb5 Nxe4 19. Bxg7 Kxg7 {[%emt 0:00:03] [#]} 20. Qc2 (20. b4 $1 $16) 20... h5 {[%emt 0:13:54] [#]} ({Black should try} 20... Qd7 $1 $14 21. a4 Re6) 21. Nc4 $1 $18 Qd7 (21... Nc8 22. Nc3 d5) 22. Bxe4 Rxe4 23. Rxe4 {[%emt 0:00:41] Dancing on a razor blade.} ({Weaker is} 23. Ncxd6 Rxe1+ 24. Rxe1 Qc6 25. Qc3+ Kg8 $18) 23... Bxe4 24. Qxe4 Qxb5 25. Nxd6 Qb4 (25... Qd7) 26. Qe5+ Kg8 {[%emt 0:00:08] [#]} 27. Nf5 $1 {[%emt 0:01:12][%mdl 512] Weighted Error Value: White=0.11 (very precise) /Black=0.67} 1-0

[Event "24th Hoogeschool Zeeland 2022"]
[Site "Vlissingen"]
[Date "2022.08.07"]
[Round "3.12"]
[White "Jeanne, Mickael"]
[Black "Van Delft, Merijn"]
[Result "1/2-1/2"]
[ECO "E94"]
[WhiteElo "2145"]
[BlackElo "2383"]
[Annotator "TA"]
[PlyCount "158"]
[EventDate "2022.08.05"]
[EventType "swiss"]
[EventCountry "NED"]
[SourceTitle "playchess.com"]
[Source "ChessBase"]
[SourceQuality "1"]
[TimeControl "40/5400+30:1800+30"]

1. c4 Nf6 2. Nc3 g6 3. e4 d6 4. d4 Bg7 5. Nf3 O-O 6. Be2 e5 7. O-O Bg4 8. d5 a5 9. Be3 {[%emt 0:01:20] E94: King's Indian: Classical: 6 Be2 e5 7 0-0: Various Black 7th moves.} Na6 10. Nd2 Bd7 11. b3 {[%emt 0:04:59] White is slightly better.} h5 12. h3 Nh7 {[%emt 0:02:33] [#]} 13. Rc1 $146 ({Predecessor:} 13. Qc1 Qh4 14. Nf3 Qe7 15. Ng5 Nxg5 16. Bxg5 f6 17. Be3 Kh7 18. a3 f5 19. f3 {½-½ (61) Gurevich,D (2399)-Ivanisevic,I (2606) Chess.com INT 2021}) 13... Bf6 14. Nf3 Kh8 15. Qd2 Rg8 16. Nh2 {[%emt 0:04:22] White is more active.} Bg5 17. Kh1 ({White should play} 17. f4 $14 exf4 18. Bxf4) 17... f6 18. Bxg5 fxg5 19. Qe3 Qf6 20. f3 Qf4 (20... Nc5 {with more complications.} 21. Qf2 Qf4 22. Kg1 Kg7) 21. Qxf4 gxf4 22. Kg1 g5 23. Kf2 Nf6 (23... a4 $5) 24. Rh1 Kg7 25. Nb5 (25. Nf1 $15) 25... g4 26. hxg4 hxg4 27. Nf1 g3+ (27... a4 {feels hotter.} 28. Nd2 axb3 29. axb3 Nb4) 28. Kg1 Kf7 (28... a4 $1 $17 {aiming for ...axb3.} 29. Nd2 axb3 30. Nxb3 b6) 29. Nd2 Ke7 30. Rh6 Rh8 (30... Rgc8 $15 {is superior.}) 31. Rxh8 $1 $11 Rxh8 32. Nb1 (32. c5 $11) 32... c6 33. N5c3 Nc5 34. Rd1 Ra8 (34... Rh2 {is interesting.} 35. Na3 Na6 36. Nc2 Rh8) 35. Na3 Ne8 36. Nc2 Nc7 37. Ne1 cxd5 38. Nxd5+ Nxd5 39. cxd5 b5 40. Nd3 Nxd3 41. Bxd3 $17 {[%emt 0:30:09][%mdl 4096] Endgame KRB-KRB} Rc8 42. Kf1 b4 43. Ke2 Rh8 {[%emt 0:01:27] Against Rh1} 44. Rg1 Kd8 45. Kd2 Kc7 46. Be2 Kb6 47. Bd3 $2 (47. Rc1 $17) 47... Rh2 $2 (47... a4 $1 $19 {and Black stays clearly on top. Hoping for ...axb3.} 48. Rd1 axb3 49. axb3 Rc8) 48. Be2 Kb7 49. Kc2 Ka7 50. Kd2 Kb6 51. Kd1 a4 {[%emt 0:00:00] White must now prevent ...Rh8.} 52. Kd2 $2 (52. Kc2 $17) 52... Ka5 $2 (52... Rh8 $1 $19 53. Kc2 a3) 53. Bd3 $2 (53. Kd3 $17) 53... Bh3 $2 (53... Rh8 $1 $19 {has better winning chances. Threatens to win with ...Kb6.} 54. Be2 Rh2) 54. Bf1 {[%emt 0:00:00] [#]} Bg4 $1 55. Be2 ({Not} 55. fxg4 $2 f3 56. Be2 Rxg2 $19) 55... Bh5 56. Kd3 Be8 57. Kd2 Bd7 $2 (57... Kb6 $17) 58. Bd3 $1 $19 Kb6 59. Be2 $1 Rh8 $1 60. Bd3 $2 (60. Kc2 $17) 60... axb3 61. axb3 Ra8 62. Rc1 Ra3 63. Bc4 Ra2+ $2 (63... Bb5 64. Rc2 Bxc4 65. Rxc4 Kb5) 64. Rc2 Ra3 $2 (64... Ra5 $19 65. Rc1 Ra3) 65. Kc1 $2 (65. Rc1 $1 $11 {and White has nothing to worry.}) 65... Ra1+ $1 66. Kb2 Rg1 $1 67. Bd3 Rd1 68. Be2 Re1 $1 69. Bd3 {[%emt 0:00:07] [#]} Rd1 $2 (69... Rg1 $1 $19 {[%cal Od7h3] And now ...Bh3! would win.} 70. Rd2 {[#]} Bh3 $1 71. gxh3 g2) 70. Be2 $15 Rh1 71. Rc1 $1 {[%emt 0:03:04] Against Rg1} Rh2 72. Rg1 $1 Bh3 73. Bf1 Bd7 74. Be2 $1 Kc5 75. Kc2 Rh8 76. Ra1 {[%emt 0:00:38] Prevents Ra8.} Rh2 77. Rg1 Kb6 78. Kb2 $1 Rh8 79. Rc1 Rh2 {[%emt 0:00:27] Whites escaped into a draw.  Weighted Error Value: White=0.34/Black=0.24 (precise)} (79... Rh5 $15) 1/2-1/2

[Event "24th Hoogeschool Zeeland 2022"]
[Site "Vlissingen"]
[Date "2022.08.07"]
[Round "3.13"]
[White "Pham, Khoi"]
[Black "Tiggelman, Rene"]
[Result "1-0"]
[ECO "B12"]
[WhiteElo "2317"]
[BlackElo "2165"]
[Annotator "RC"]
[PlyCount "83"]
[EventDate "2022.08.05"]
[EventType "swiss"]
[EventCountry "NED"]
[SourceTitle "playchess.com"]
[Source "ChessBase"]
[SourceQuality "1"]
[TimeControl "40/5400+30:1800+30"]

1. e4 c6 2. d4 d5 3. e5 c5 4. Nf3 Nc6 5. dxc5 Bg4 6. c3 e6 7. Be3 Nge7 8. Nbd2 Nf5 9. Bd4 Nfxd4 10. cxd4 Qa5 11. Qb3 Be7 12. Qxb7 O-O 13. Qxc6 Bxf3 14. Qb5 Qxb5 15. Bxb5 Bxg2 16. Rg1 Be4 17. Nxe4 dxe4 18. Bd7 Rfd8 19. c6 Bb4+ 20. Ke2 Ba5 21. Rac1 Bc7 22. Ke3 Rdb8 23. b3 a5 24. Kxe4 Kf8 25. Rc4 g6 26. Rd1 Rb5 27. Rc5 Rb4 28. Rdc1 Ke7 29. R1c4 Rab8 30. Rxb4 Rxb4 31. Kd3 Rb8 32. Kc4 Kd8 33. Rb5 Bb6 34. f4 Kc7 35. d5 exd5+ 36. Kxd5 Ra8 37. Rxb6 Kxb6 38. Kd6 Ra7 39. Ke7 a4 40. Kxf7 Ra5 41. e6 Rf5+ 42. Kg7 1-0

[Event "24th Hoogeschool Zeeland 2022"]
[Site "Vlissingen"]
[Date "2022.08.07"]
[Round "3.14"]
[White "Van der Hagen, Loek"]
[Black "Royal, Shreyas"]
[Result "0-1"]
[ECO "E29"]
[WhiteElo "2135"]
[BlackElo "2353"]
[Annotator "RC"]
[PlyCount "70"]
[EventDate "2022.08.05"]
[EventType "swiss"]
[EventCountry "NED"]
[SourceTitle "playchess.com"]
[Source "ChessBase"]
[SourceQuality "1"]
[TimeControl "40/5400+30:1800+30"]

1. d4 Nf6 2. c4 e6 3. Nc3 Bb4 4. a3 Bxc3+ 5. bxc3 c5 6. e3 Nc6 7. Bd3 b6 8. Ne2 O-O 9. O-O Ba6 10. e4 Ne8 11. f4 f5 12. exf5 exf5 13. dxc5 bxc5 14. Ng3 g6 15. Be3 d6 16. Qf3 Qc7 17. Rab1 Nf6 18. Rfe1 Na5 19. Bc1 Rae8 20. Rxe8 Rxe8 21. h3 Nxc4 22. Bxc4+ Bxc4 23. Nxf5 Bd5 24. Qg3 Be4 25. Nh6+ Kg7 26. Rb2 Kxh6 27. f5+ Kg7 28. Rf2 Qe7 29. fxg6 Bxg6 30. Qh4 Qe1+ 31. Kh2 Ng4+ 32. hxg4 Qxc1 33. Qf6+ Kg8 34. g5 Qe3 35. g3 Qe5 0-1

[Event "24th Hoogeschool Zeeland 2022"]
[Site "Vlissingen"]
[Date "2022.08.07"]
[Round "3.15"]
[White "Seul, Georg"]
[Black "Matsumura, Cocoro"]
[Result "0-1"]
[ECO "B23"]
[WhiteElo "2367"]
[BlackElo "2043"]
[Annotator "RC"]
[PlyCount "74"]
[EventDate "2022.08.05"]
[EventType "swiss"]
[EventCountry "NED"]
[SourceTitle "playchess.com"]
[Source "ChessBase"]
[SourceQuality "1"]
[TimeControl "40/5400+30:1800+30"]

1. e4 c5 2. Nc3 d6 3. Bb5+ Bd7 4. Bxd7+ Qxd7 5. d4 cxd4 6. Qxd4 Nc6 7. Qd3 g6 8. Nf3 Bg7 9. O-O Nf6 10. Nd5 O-O 11. Bg5 Nxd5 12. exd5 Ne5 13. Nxe5 dxe5 14. c4 h6 15. Be3 f5 16. f3 Rfd8 17. Rfd1 e6 18. d6 b6 19. a4 Rac8 20. a5 Rc6 21. axb6 axb6 22. Ra6 Qb7 23. Qa3 Bf8 24. Qa4 Rcxd6 25. Rxd6 Rxd6 26. h3 f4 27. Bf2 e4 28. Ra7 Qc6 29. fxe4 Qxa4 30. Rxa4 Rd1+ 31. Kh2 Rd2 32. Bxb6 f3 33. Ra8 f2 34. Bxf2 Rxf2 35. b4 Rc2 36. Rc8 Kf7 37. e5 Bxb4 0-1

[Event "24th Hoogeschool Zeeland 2022"]
[Site "Vlissingen"]
[Date "2022.08.07"]
[Round "3.16"]
[White "Bakker, Jouke"]
[Black "Sorbe, Stephane"]
[Result "0-1"]
[ECO "B12"]
[WhiteElo "2057"]
[BlackElo "2352"]
[Annotator "RC"]
[PlyCount "160"]
[EventDate "2022.08.05"]
[EventType "swiss"]
[EventCountry "NED"]
[SourceTitle "playchess.com"]
[Source "ChessBase"]
[SourceQuality "1"]
[TimeControl "40/5400+30:1800+30"]

1. e4 c6 2. d4 d5 3. e5 Bf5 4. Nd2 e6 5. Nb3 Nd7 6. Nf3 h6 7. Be2 Ne7 8. O-O Nc8 9. a4 a5 10. Bd2 Be7 11. Bc3 O-O 12. Ne1 c5 13. dxc5 Nxc5 14. Nxc5 Bxc5 15. Bd4 Qb6 16. Bxc5 Qxc5 17. Ra3 Ne7 18. Bd3 Rfc8 19. c3 Bxd3 20. Nxd3 Qc4 21. Ne1 Rc7 22. Nf3 Nc6 23. Re1 Rd8 24. Qb3 Qf4 25. Raa1 d4 26. Qb6 Rdd7 27. cxd4 Nxd4 28. Nxd4 Qxd4 29. Qb3 Qc4 30. Ra3 Rd2 31. Qb6 Qc5 32. Qxc5 Rxc5 33. Rc3 Rxe5 34. Kf1 Rxe1+ 35. Kxe1 Rxb2 36. Rc8+ Kh7 37. Rc4 Kg6 38. g3 Kf6 39. h4 Rb4 40. Rc7 Rxa4 41. Rxb7 Ra2 42. Kf1 h5 43. Kg2 g6 44. Kg1 Rc2 45. Rb5 a4 46. Ra5 Rc4 47. Ra7 e5 48. Kf1 Re4 49. Ra6+ Kf5 50. Ra7 f6 51. Ra6 Rb4 52. Kg2 e4 53. Kf1 Ke5 54. Ke2 Rb2+ 55. Kf1 Ra2 56. Ra5+ Kd4 57. Ra6 f5 58. Rd6+ Kc5 59. Rxg6 Rd2 60. Ra6 Kb5 61. Ra8 Rd6 62. Ke2 Kb4 63. Rb8+ Kc3 64. Rc8+ Kb2 65. Rb8+ Ka2 66. f3 exf3+ 67. Kxf3 Rd3+ 68. Kf4 a3 69. Re8 Kb2 70. Re2+ Kb3 71. Kxf5 Rxg3 72. Re8 Rg4 73. Re3+ Kb4 74. Rh3 Rc4 75. Kg5 Rc5+ 76. Kg6 Ra5 77. Rh2 Kc4 78. Ra2 Kd4 79. Rxa3 Rxa3 80. Kxh5 Rg3 0-1

[Event "24th Hoogeschool Zeeland 2022"]
[Site "Vlissingen"]
[Date "2022.08.07"]
[Round "3.17"]
[White "Klepke, Ricardo"]
[Black "Saketh, Pedagandham"]
[Result "1-0"]
[ECO "E05"]
[WhiteElo "2293"]
[BlackElo "1928"]
[Annotator "RC"]
[PlyCount "41"]
[EventDate "2022.08.05"]
[EventType "swiss"]
[EventCountry "NED"]
[SourceTitle "playchess.com"]
[Source "ChessBase"]
[SourceQuality "1"]
[TimeControl "40/5400+30:1800+30"]

1. d4 Nf6 2. c4 e6 3. g3 d5 4. Nf3 Be7 5. Bg2 O-O 6. O-O dxc4 7. Ne5 Nbd7 8. Nxc4 c5 9. Nc3 cxd4 10. Qxd4 Nc5 11. Be3 Qxd4 12. Bxd4 Bd7 13. Bxc5 Bxc5 14. Bxb7 Rab8 15. Bf3 Rfc8 16. b3 Bd4 17. Rac1 e5 18. Nd5 Nxd5 19. Bxd5 Rc5 20. Bf3 Rc7 21. e3 1-0

[Event "24th Hoogeschool Zeeland 2022"]
[Site "Vlissingen"]
[Date "2022.08.07"]
[Round "3.18"]
[White "Zwirs, Jasper"]
[Black "Grochal, Joey"]
[Result "1-0"]
[ECO "B48"]
[WhiteElo "2105"]
[BlackElo "2290"]
[Annotator "RC"]
[PlyCount "87"]
[EventDate "2022.08.05"]
[EventType "swiss"]
[EventCountry "NED"]
[SourceTitle "playchess.com"]
[Source "ChessBase"]
[SourceQuality "1"]
[TimeControl "40/5400+30:1800+30"]

1. e4 c5 2. Nf3 e6 3. d4 cxd4 4. Nxd4 Nc6 5. Nc3 Qc7 6. Be3 a6 7. Qd2 Nf6 8. f4 Bb4 9. Bd3 b5 10. a3 Be7 11. h3 Bb7 12. Qf2 Na5 13. Nxe6 fxe6 14. Bb6 Qc6 15. Bxa5 O-O 16. O-O-O Bc5 17. Qh4 g6 18. Kb1 Rae8 19. Rhf1 Rf7 20. f5 gxf5 21. e5 Nd5 22. Nxd5 Qxd5 23. Be2 Qe4 24. Qxe4 Bxe4 25. Bh5 Bxg2 26. Rg1 Bxg1 27. Rxg1 Rg7 28. Bxe8 Bxh3 29. Rxg7+ Kxg7 30. Bxd7 f4 31. Kc1 Kg6 32. Bc8 Bg2 33. Bxe6 h5 34. Kd1 h4 35. Bb6 h3 36. Bg1 Bf3+ 37. Ke1 Be4 38. c3 Bf5 39. Bxf5+ Kxf5 40. Kf2 Kxe5 41. Bh2 Ke4 42. b4 Kd3 43. Bxf4 Kxc3 44. Bc7 1-0

[Event "24th Hoogeschool Zeeland 2022"]
[Site "Vlissingen"]
[Date "2022.08.07"]
[Round "3.19"]
[White "Bezemer, Arno"]
[Black "Lacrosse, Marc"]
[Result "1/2-1/2"]
[ECO "C54"]
[WhiteElo "2278"]
[BlackElo "2003"]
[Annotator "RC"]
[PlyCount "43"]
[EventDate "2022.08.05"]
[EventType "swiss"]
[EventCountry "NED"]
[SourceTitle "playchess.com"]
[Source "ChessBase"]
[SourceQuality "1"]
[TimeControl "40/5400+30:1800+30"]

1. e4 e5 2. Nf3 Nc6 3. Bc4 Bc5 4. c3 Nf6 5. d4 exd4 6. cxd4 Bb4+ 7. Nbd2 Nxe4 8. d5 Nxd2 9. Bxd2 Bxd2+ 10. Qxd2 Ne7 11. d6 cxd6 12. O-O O-O 13. Bd5 Rb8 14. Ng5 Nxd5 15. Qxd5 b5 16. Qf5 g6 17. Qf4 Bb7 18. Rad1 f6 19. Nh3 d5 20. Rfe1 Rc8 21. Qd4 Qa5 22. a3 1/2-1/2

[Event "24th Hoogeschool Zeeland 2022"]
[Site "Vlissingen"]
[Date "2022.08.07"]
[Round "3.20"]
[White "Stillger, Bernhard"]
[Black "Galle, Andre"]
[Result "1-0"]
[ECO "A30"]
[WhiteElo "2245"]
[BlackElo "1999"]
[Annotator "RC"]
[PlyCount "71"]
[EventDate "2022.08.05"]
[EventType "swiss"]
[EventCountry "NED"]
[SourceTitle "playchess.com"]
[Source "ChessBase"]
[SourceQuality "1"]
[TimeControl "40/5400+30:1800+30"]

1. Nf3 Nf6 2. g3 b6 3. Bg2 Bb7 4. c4 c5 5. O-O e6 6. Nc3 d6 7. b3 Nbd7 8. Bb2 Be7 9. e3 O-O 10. d4 Ne4 11. Qc2 Nxc3 12. Bxc3 cxd4 13. Nxd4 Bxg2 14. Kxg2 Rc8 15. Rac1 a6 16. Qe2 Qc7 17. f4 Rfe8 18. Qf3 g6 19. g4 Bf8 20. g5 Bg7 21. Ne2 e5 22. Ng3 Nc5 23. Qd5 Re6 24. f5 gxf5 25. Rxf5 Rce8 26. Rcf1 R8e7 27. Bb4 Nb7 28. Rxf7 Nd8 29. R7f2 Kh8 30. Ne4 Nb7 31. h4 a5 32. Ba3 h6 33. Kg3 Nc5 34. Bxc5 dxc5 35. Rd1 Kh7 36. h5 1-0

[Event "24th Hoogeschool Zeeland 2022"]
[Site "Vlissingen"]
[Date "2022.08.08"]
[Round "3.21"]
[White "Ackermann, Frank"]
[Black "Van der Kaap, Jos"]
[Result "1/2-1/2"]
[ECO "B01"]
[WhiteElo "2012"]
[BlackElo "2187"]
[Annotator "RC"]
[PlyCount "46"]
[EventDate "2022.08.05"]
[EventType "swiss"]
[EventCountry "NED"]
[SourceTitle "playchess.com"]
[Source "ChessBase"]
[SourceQuality "1"]
[TimeControl "40/5400+30:1800+30"]

1. e4 d5 2. exd5 Qxd5 3. Nc3 Qa5 4. d4 Nf6 5. Nf3 Bf5 6. Bc4 e6 7. Bd2 Bb4 8. a3 Bxc3 9. Bxc3 Qb6 10. b4 Bg4 11. Be2 Nc6 12. b5 Bxf3 13. gxf3 Nd5 14. Bb2 Nce7 15. Qd2 Qd6 16. c4 Nf6 17. a4 Nf5 18. Qc3 Qf4 19. Rd1 O-O 20. h4 Rfd8 21. Bc1 Qd6 22. Ba3 Qf4 23. Bc1 Qd6 1/2-1/2

[Event "24th Hoogeschool Zeeland 2022"]
[Site "Vlissingen"]
[Date "2022.08.07"]
[Round "3.22"]
[White "Honkoop, Gilian"]
[Black "Verwoert, Jef"]
[Result "1-0"]
[ECO "A43"]
[WhiteElo "2205"]
[BlackElo "1998"]
[Annotator "RC"]
[PlyCount "49"]
[EventDate "2022.08.05"]
[EventType "swiss"]
[EventCountry "NED"]
[SourceTitle "playchess.com"]
[Source "ChessBase"]
[SourceQuality "1"]
[TimeControl "40/5400+30:1800+30"]

1. d4 c5 2. dxc5 e6 3. Nc3 Bxc5 4. Ne4 Nf6 5. Nxc5 Qa5+ 6. c3 Qxc5 7. g3 d5 8. Bg2 O-O 9. Nf3 Nc6 10. O-O e5 11. Bg5 Ne4 12. Be3 Qd6 13. c4 dxc4 14. Qxd6 Nxd6 15. Bc5 Nf5 16. Bxf8 Kxf8 17. Rfc1 Na5 18. Nxe5 Be6 19. Nf3 f6 20. e4 Ne7 21. Nd4 Bd7 22. Bf1 b5 23. b4 Nec6 24. Nxb5 Nxb4 25. Nd6 1-0

[Event "24th Hoogeschool Zeeland 2022"]
[Site "Vlissingen"]
[Date "2022.08.07"]
[Round "3.23"]
[White "Koffeman, Timo"]
[Black "De Zwart, Johan"]
[Result "1-0"]
[ECO "C83"]
[WhiteElo "2119"]
[BlackElo "1970"]
[Annotator "RC"]
[PlyCount "59"]
[EventDate "2022.08.05"]
[EventType "swiss"]
[EventCountry "NED"]
[SourceTitle "playchess.com"]
[Source "ChessBase"]
[SourceQuality "1"]
[TimeControl "40/5400+30:1800+30"]

1. e4 e5 2. Nf3 Nc6 3. Bb5 a6 4. Ba4 Nf6 5. O-O Nxe4 6. d4 b5 7. Bb3 d5 8. dxe5 Be6 9. c3 Be7 10. Qe2 O-O 11. Nbd2 Nxd2 12. Bxd2 Na5 13. Bc2 Nc4 14. Bc1 g6 15. Nd4 Qd7 16. Bh6 Rfe8 17. f4 c5 18. f5 cxd4 19. fxe6 Qxe6 20. cxd4 Nxb2 21. Rab1 Nc4 22. Rb3 Bf8 23. Bxf8 Rxf8 24. Rf6 Qd7 25. Rh3 Ra7 26. Qf3 Nd2 27. Qf4 Ne4 28. Qh6 Nxf6 29. exf6 Qxh3 30. Qg7# 1-0

[Event "24th Hoogeschool Zeeland 2022"]
[Site "Vlissingen"]
[Date "2022.08.07"]
[Round "3.24"]
[White "Gosman, Theo"]
[Black "Lohr, Maximilian"]
[Result "0-1"]
[ECO "D00"]
[WhiteElo "1997"]
[BlackElo "2092"]
[Annotator "RC"]
[PlyCount "52"]
[EventDate "2022.08.05"]
[EventType "swiss"]
[EventCountry "NED"]
[SourceTitle "playchess.com"]
[Source "ChessBase"]
[SourceQuality "1"]
[TimeControl "40/5400+30:1800+30"]

1. d4 Nf6 2. Nc3 d5 3. e4 dxe4 4. Bg5 Bf5 5. f3 exf3 6. Qxf3 Qc8 7. Bc4 e6 8. Bxf6 gxf6 9. O-O-O Rg8 10. h3 Nd7 11. Re1 Be7 12. g4 Bg6 13. h4 h6 14. Nh3 c6 15. Nf4 Qc7 16. d5 cxd5 17. Nfxd5 Qxc4 18. Nxe7 Kxe7 19. Rh2 Qc6 20. Qf4 Qd6 21. Qf2 Ne5 22. Rd1 Qc6 23. Qf4 Rad8 24. Rhd2 Rxd2 25. Rxd2 Nc4 26. Rd4 e5 0-1